 Dungeon Crawl Stone Soup version 0.29-a0-1019-g84f7d21838 (webtiles) character file.

Game seed: 1103055800380933501

21 Monkooky the Grasshopper (level 2, -2/23 HPs)
             Began as a Palentonga Warper on Aug 10, 2022.
             Was a Follower of Makhleb.
             Killed from afar by a dart slug (3 damage)
             ... with a slug dart
             ... on level 2 of the Dungeon.
             The game lasted 00:03:24 (979 turns).

Monkooky the Grasshopper (Palentonga Warper)         Turns: 979, Time: 00:03:25

Health: -2/23      AC:  8    Str: 16    XL:     2   Next: 65%
Magic:  5/5        EV:  9    Int: 13    God:    Makhleb [*.....]
Gold:   60         SH:  0    Dex:  9    Spells: 1/5 levels left

rFire   . . .      SeeInvis +   a - +0 hand axe
rCold   . . .      Faith    .   (no shield)
rNeg    + . .      Spirit   .   b - +0 leather armour
rPois   .          Reflect  .   (no helmet)
rElec   .          Harm     .   (no cloak)
rCorr   .          Rampage  .   (no gloves)
Will    .....                   (no barding)
Stlth   +.........              (no amulet)
HPRegen 0.07/turn               f - +4 ring of protection
MPRegen 0.09/turn               i - ring of positive energy

@: no status effects
A: large, rugged brown scales 3, see invisible, deformed body, roll 1, armoured
tail
a: Rolling Charge, Renounce Religion


You were on level 2 of the Dungeon.
You worshipped Makhleb.
Makhleb was aware of your devotion.
You visited 1 branch of the dungeon, and saw 2 of its levels.

You collected 60 gold pieces.

Inventory:

Hand Weapons
 a - a +0 hand axe (weapon)
Missiles
 d - 6 boomerangs of dispersal
Armour
 b - a +0 leather armour (worn)
Jewellery
 f - a +4 ring of protection (left hand)
 i - a ring of positive energy (right hand)
 j - a ring of willpower
Scrolls
 c - a scroll of blinking
 e - 6 scrolls of butterflies {unknown}
 l - a scroll of immolation {unknown}
 m - 3 scrolls of amnesia {unknown}
Potions
 g - a potion of cancellation {unknown}
 h - a potion of lignification {unknown}
 k - 2 potions of attraction {unknown}


   Skills:
 - Level 2.0 Fighting
 - Level 3.0 Axes
 - Level 0.6 Throwing
 - Level 0.7 Armour
 - Level 1.5 Dodging
 - Level 2.0 Spellcasting
 - Level 3.0 Translocations
 + Level 1.0 Invocations


You had one spell level left.
You knew the following spells:

 Your Spells              Type           Power      Damage    Failure   Level
a - Blink                 Tloc           18%        N/A       14%         2
b - Passwall              Tmut/Erth      0%         N/A       43%         2

Your spell library contained the following spells:

 Spells                   Type           Power      Damage    Failure   Level
 Sandblast                Erth           2%         2d4       30%         1
 Gell's Gravitas          Tloc           9%         N/A       26%         3
 Lesser Beckoning         Tloc           9%         N/A       26%         3
 Teleport Other           Tloc           9%         N/A       26%         3
 Stone Arrow              Conj/Erth      2%         3d7       67%         3
 Manifold Assault         Tloc           9%         N/A       94%         5


Dungeon Overview and Level Annotations

Branches:
Dungeon (2/15)

Altars:
Makhleb

Annotations:
D:2 Natasha


Innate Abilities, Weirdness & Mutations

You are completely covered in rugged brown scales. (AC +3, +7% HP)
You have supernaturally acute eyesight. (SInv)
Armour fits poorly on your strangely shaped body.
You can roll at nearby foes to attack.
You have a long armoured tail.


Message History

An endoplasm comes into view.
You roll forward with a clatter of scales!
A dart slug comes into view.
Found an escape hatch in the floor.
You slash the endoplasm!
You kill the endoplasm!
Makhleb accepts your kill.
Natasha wildly gestures.
Natasha glows brightly for a moment.
Your Invocations skill increases to level 1!
You slash Natasha!
Natasha is heavily wounded.
Natasha claws you.
You hit Natasha.
Natasha is heavily wounded.
Natasha claws you.
You barely miss Natasha.
Natasha is heavily wounded.
Natasha casts a spell at you. The magic dart hits you.
Natasha claws you but does no damage. There's nothing you can charge at!
You closely miss Natasha.
Your tail-slap misses Natasha.
Natasha is heavily wounded.
Natasha claws you.
You hit Natasha but do no damage.
Natasha is heavily wounded.
Natasha stares at you and mumbles some strange words.
You resist with significant effort.
You hit the dart slug.
The dart slug is lightly wounded.
You hit Natasha. Natasha casts a spell at you. The magic dart hits you!
* * * LOW HITPOINT WARNING * * *
Unknown command.
You barely miss the dart slug.
The dart slug is lightly wounded.
You hit Natasha. The dart slug launches a dart at you. The slug dart hits you.
You die...

#.#.# .#.##### .......
###.#..## ....<...
#############....#
#................##
######.######...........
.......@.# #.......<...
......wh.# #.†.........
.........# #...........
...=.....# #...........
.........# ######..#+##
.......".# #..#
.....>.... ....#
########## ####.#


You could see Natasha and a dart slug.

Vanquished Creatures
  A dart slug (D:2)
  A bat (D:1)
  4 endoplasms
  3 giant cockroaches (D:1)
  3 goblins (D:1)
  A quokka (D:1)
  A frilled lizard (D:1)
  A kobold (D:1)
  A rat (D:1)
16 creatures vanquished.

Notes
Turn   | Place    | Note
-------+----------+-------------------------------------------
     0 | D:1      | Monkooky the Palentonga Warper began the quest for the Orb.
     0 | D:1      | Reached XP level 1. HP: 17/17 MP: 3/3
   382 | D:1      | Reached XP level 2. HP: 21/23 MP: 5/5
   421 | D:1      | Learned a level 2 spell: Blink
   424 | D:1      | Learned a level 2 spell: Passwall
   658 | D:1      | Found a faded altar of an unknown god.
   665 | D:1      | Prayed at the altar of an unknown god.
   665 | D:1      | Became a worshipper of Makhleb the Destroyer
   665 | D:1      | Reached * piety under Makhleb
   971 | D:2      | Noticed Natasha
   973 | D:2      | Reached skill level 1 in Invocations
   978 | D:2      | HP: 1/23 [Natasha/magic dart (8)]
   979 | D:2      | Killed from afar by a dart slug

Illustrated notes

Levels and vault maps discovered:
D:1:      lightli_arrival_lavapool, layout_loops_ring,
          dilly_ecumenical_altar_fadedgnrine, bh_walls_and_bars
D:2:      layout_basic, amcnicky_mini_pool_small, uniq_natasha

Skill      XL: |  1  2 |
---------------+-------+-----
Axes           | 3 |  3.0
Invocations    | 1 |  1.0
Fighting       | |  2.0
Throwing       | |  0.6
Armour         | |  0.7
Dodging        | |  1.5
Spellcasting   | |  2.0
Translocations | |  3.0

Action                   || total
-------------------------++-------
Melee: Hand axe          ||    40
       Tailslap          ||     4
Throw: Boomerang         ||     1
 Abil: Rolling Charge    ||    14
Armor: Leather armour    ||     8
Dodge: Dodged            ||    16

Table legend: (Time is in decaauts)
 A = Elapsed time spent in this place.
 B = Non-inter-level travel time spent in this place.
 C = Inter-level travel time spent in this place.
 D = Time resting spent in this place.
 E = Time spent auto-exploring this place.
 F = Levels seen in this place.
 G = Mean time per level.
                   A        B        C        D        E       F      G
               +--------+--------+--------+--------+--------+-----+--------+
         Total |    984 |    912 |     72 |      0 |    806 |   2 |  492.0 |
       Dungeon |    984 |    912 |     72 |      0 |    806 |   2 |  492.0 |
               +--------+--------+--------+--------+--------+-----+--------+

Top non-repeatable levels by time:
     D:1: 943 daAuts
     D:2: 40 daAuts
